 Dungeon Crawl Stone Soup version 0.18-a0-1078-gebb93d0 (webtiles) character file.

7522 xgamer67 the Destroyer (level 11, 0/71 HPs)
             Began as an Octopode Conjurer on Jan 14, 2016.
             Was a Priest of Dithmenos.
             Slain by a black mamba (14 damage)
             ... on level 3 of the Lair of Beasts.
             The game lasted 00:42:31 (13477 turns).

xgamer67 the Destroyer (Octopode Conjurer)         Turns: 13477, Time: 00:42:32

Health: 0/71       AC:  6    Str:  7    XL:     11   Next: 16%
Magic:  12/20      EV: 14    Int: 21    God:    Dithmenos [***...]
Gold:   294        SH:  0    Dex: 13    Spells: 8 memorised, 1 level left

rFire  + . .     SeeInvis .     a - +1 flail (protect)
rCold  . . .     Gourm    +     (no shield)
rNeg   . . .     Faith    .     (helmet restricted)
rPois  .         Spirit   .     j - amulet of the gourmand
rElec  .         Dismiss  .     g - ring of protection from fire
rCorr  .         Reflect  .     (no ring)
SustAt .         Harm     .     (no ring)
MR     .....                    (no ring)
Stlth  +++++++...               (no ring)
                                (no ring)
                                (no ring)
                                (no ring)

@: lethally poisoned (0 -> -7), wreathed by umbra, not resistant to hostile
enchantments, extremely stealthy
A: almost no armour, amphibious, 8 rings, constrict 8, camouflage 1, gelatinous
body 1
a: Shadow Step, Renounce Religion


You were on level 3 of the Lair of Beasts.
You worshipped Dithmenos.
Dithmenos was most pleased with you.
You were very full.

You visited 2 branches of the dungeon, and saw 12 of its levels.

You collected 474 gold pieces.
You spent 180 gold pieces at shops.

Inventory:

Hand Weapons
 a - a +1 flail of protection (weapon)
 b - a +0 blowgun
 L - a +0 dagger
Missiles
 n - 50 poisoned needles
 p - 241 stones (quivered)
 O - 4 tomahawks
Magical Staves
 E - an uncursed staff of death
Jewellery
 g - a ring of protection from fire (left tentacle)
 j - an amulet of the gourmand (around mantle)
 w - an uncursed amulet of rage {unknown}
 B - the amulet of Gomu {Harm *Drain rPois rF+ Dex+3}
   (You found it on level 7 of the Dungeon)

   [amulet of harm]

   It increases damage dealt and taken.
   It affects your dexterity (+3).
   It protects you from fire.
   It protects you from poison.
 D - an uncursed ring of ice
 X - an uncursed amulet of rage {unknown}
Wands
 G - a wand of invisibility (4/9)
 K - a wand of enslavement (10/24)
 N - a wand of confusion (27/48)
 P - a wand of disintegration (8/24)
 U - a wand of cold (4/15)
 V - a wand of confusion (31/48)
Scrolls
 e - 2 scrolls of recharging
 h - 3 scrolls of noise
 i - 3 scrolls of immolation
 k - 5 scrolls of magic mapping
 q - 6 scrolls of remove curse
 s - a scroll of blinking {unknown}
 u - a scroll of teleportation
 y - a scroll of random uselessness {unknown}
 F - a scroll of vulnerability {unknown}
 S - a scroll of fear {unknown}
 W - a scroll of silence {unknown}
Potions
 f - 3 potions of curing
 m - 2 potions of flight
 o - 2 potions of agility
 r - a potion of heal wounds
 t - 2 potions of cure mutation
 v - 2 potions of might
 A - a potion of berserk rage
 C - 3 potions of resistance
 I - a potion of magic
 J - a potion of cancellation {unknown}
 R - a potion of experience {unknown}
Books
 Q - a book of Cantrips

   Spells                             Type                      Level
   a - Corona                         Hexes                        1
   b - Animate Skeleton               Necromancy                   1
   c - Summon Small Mammal            Summoning                    1
   d - Apportation                    Translocation                1
Miscellaneous
 T - a plain deck of summoning
Comestibles
 c - 3 beef jerkies
 d - 6 meat rations
 l - a royal jelly
 x - 4 bread rations
 z - a slice of pizza
 H - 3 fruits


   Skills:
 - Level 5.0 Fighting
 - Level 5.0 Dodging
 + Level 7.3 Stealth
 - Level 6.0 Spellcasting
 + Level 11.8 Conjurations
 - Level 1.0 Hexes
 - Level 6.0 Charms
 - Level 3.1 Evocations


You had one spell level left.
You knew the following spells:

 Your Spells              Type           Power        Failure   Level  Hunger
a - Magic Dart            Conj           ####         1%          1    None
b - Searing Ray           Conj           ######       1%          2    None
c - Dazzling Spray        Conj/Hex       ####....     2%          3    ##.....
d - Iskenderun's Mystic   Conj           ######..     1%          4    ####...
e - Fulminant Prism       Conj/Hex       ####......   10%         4    ####...
f - Iskenderun's Battles  Conj/Chrm      #####...     10%         5    #####..
A - Apportation           Tloc           #.........   12%         1    None
S - Animate Skeleton      Necr           N/A          12%         1    None


Dungeon Overview and Level Annotations

Branches:
Dungeon (9/15)             Temple (0/1) D:7            Lair (3/8) D:8
  Swamp: Lair:3-6    Shoals: Lair:3-6     Snake: Lair:3-6    Spider: Lair:3-6
    Orc: D:9-12

Altars:
Dithmenos
Gozag
Kikubaaqudgha
Qazlal
Ru
Sif Muna
Trog
Vehumet
Xom
Zin

Shops:
D:5 !

Annotations:
D:3 exclusion: door
D:4 Natasha
D:7 exclusion: 2 slaves, Duvessa
Lair:2 exclusions: hydra and 3 yaks


Innate Abilities, Weirdness & Mutations

You cannot wear most types of armour.
You are amphibious.
You can wear up to eight rings at the same time.
You can use your tentacles to constrict eight enemies at once.
Your skin changes colour to match your surroundings (Stealth).
Your rubbery body absorbs attacks (AC +1).


Message History

Casting: Searing Ray
Confirm with . or Enter, or press ? or * to list all spells.
Aiming: Searing Ray
Press: ? - help, Shift-Dir - straight line, f/p - black mamba
Aim: a black mamba (moderately wounded, umbra)
The searing ray hits the black mamba.
The black mamba is heavily wounded.
The black mamba barely misses you. The black mamba completely misses you.
The searing ray hits the black mamba.
The black mamba is heavily wounded.
The black mamba bites you.
* * * LOW HITPOINT WARNING * * *
You are poisoned.
The black mamba poisons you!
The searing ray hits the black mamba.
The black mamba is severely wounded.
You feel sick. The black mamba bites you.
* * * LOW HITPOINT WARNING * * *
The black mamba bites you!
You die...

##......#
.P......P
.........
PP......#
#.......#
##......#
#P.....S#
#..>..@#
##..#P##
#. ##


You could see a black mamba.

Vanquished Creatures
  A griffon (Lair:2)
  A komodo dragon (Lair:2)
  A troll (D:9)
  A wyvern (D:7)
  3 hungry ghosts
  2 hippogriffs
  2 wargs (D:8)
  Edmund (D:6)
  2 water moccasins
  5 orc warriors
  10 porcupines
  A sky beast (D:9)
  4 ice beasts
  A necrophage (D:8)
  2 centaurs
  2 phantoms (D:7)
  3 ogres
  4 crocodiles
  10 giant frogs
  A wyvern skeleton (D:8)
  2 scorpions
  A water moccasin skeleton (D:8)
  6 wights
  4 crimson imps
  A giant frog zombie (D:8)
  3 orc priests
  4 centaur zombies
  3 hounds
  2 giant frog skeletons
  14 orc wizards
  A worker ant (D:8)
  A hound skeleton (D:5)
  2 worker ant zombies (D:5)
  10 adders
  4 gnolls (D:5)
  16 river rats
  A shadow imp (D:9)
  An ooze (D:2)
  2 adder zombies
  A worm (D:4)
  6 giant geckos
  28 orcs
  4 giant cockroaches
  14 goblins
  6 hobgoblins
  4 jackals
  9 kobolds
  4 quokkas
  6 bats
  4 giant newts
  A quokka skeleton (D:4)
  A quokka zombie (D:5)
  9 rats
232 creatures vanquished.

Vanquished Creatures (others)
  6 fulminant prisms
6 creatures vanquished.

Grand Total: 238 creatures vanquished

Notes
Turn   | Place    | Note
--------------------------------------------------------------
     0 | D:1      | xgamer67 the Octopode Conjurer began the quest for the Orb.
     0 | D:1      | Reached XP level 1. HP: 11/11 MP: 3/3
   324 | D:1      | Reached XP level 2. HP: 15/17 MP: 0/5
   328 | D:1      | Learned a level 2 spell: Searing Ray
  1269 | D:2      | Reached skill level 5 in Conjurations
  1269 | D:2      | Reached XP level 3. HP: 21/21 MP: 3/6
  1275 | D:2      | Learned a level 3 spell: Dazzling Spray
  1669 | D:2      | Reached XP level 4. HP: 27/27 MP: 5/7
  2209 | D:3      | Found a shimmering altar of Xom.
  2320 | D:3      | Reached skill level 6 in Conjurations
  2320 | D:3      | Reached XP level 5. HP: 21/31 MP: 3/8
  2535 | D:3      | Found a sacrificial altar of Ru.
  2582 | D:3      | Found a deep blue altar of Sif Muna.
  2987 | D:4      | Found a shimmering altar of Xom.
  2995 | D:4      | Found a shimmering altar of Xom.
  2995 | D:4      | Found a shimmering altar of Xom.
  2996 | D:4      | Found a shimmering altar of Xom.
  2996 | D:4      | Noticed Natasha
  3016 | D:4      | Reached skill level 1 in Hexes
  3177 | D:4      | Found a shadowy altar of Dithmenos.
  3184 | D:4      | Became a worshipper of Dithmenos the Shadowed
  3895 | D:4      | Reached XP level 6. HP: 36/36 MP: 2/10
  3915 | D:4      | Learned a level 4 spell: Iskenderun's Mystic Blast
  3946 | D:5      | Entered Level 5 of the Dungeon
  4256 | D:5      | Noticed an ice beast
  4260 | D:5      | Killed an ice beast
  4260 | D:5      | Reached skill level 7 in Conjurations
  4402 | D:5      | Reached XP level 7. HP: 41/41 MP: 6/11
  4496 | D:5      | Found Lagie's Distillery.
  4500 | D:5      | Bought a potion of agility for 40 gold pieces
  4500 | D:5      | Bought a potion of resistance for 100 gold pieces
  4500 | D:5      | Bought a potion of might for 40 gold pieces
  4525 | D:5      | Reached * piety under Dithmenos
  4621 | D:5      | Reached skill level 8 in Conjurations
  5160 | D:6      | Reached skill level 9 in Conjurations
  5160 | D:6      | Reached XP level 8. HP: 14/46 MP: 6/12
  5568 | D:6      | Noticed Edmund
  5750 | D:7      | Got a faintly glowing emerald amulet
  5762 | D:7      | Identified the amulet of Gomu {Harm *Drain rPois rF+ Dex+3} (You found it on level 7 of the Dungeon)
  5831 | D:7      | Noticed Duvessa
  5984 | D:7      | Found a staircase to the Ecumenical Temple.
  6196 | D:7      | Found an ancient bone altar of Kikubaaqudgha.
  6498 | D:7      | Reached skill level 1 in Fighting
  7063 | D:7      | Reached skill level 10 in Conjurations
  7063 | D:7      | Reached XP level 9. HP: 55/58 MP: 6/13
  7477 | D:6      | Killed Edmund
  7477 | D:6      | Reached skill level 5 in Stealth
  8020 | D:8      | Reached ** piety under Dithmenos
  8457 | D:8      | Found a staircase to the Lair.
  8491 | D:8      | Reached skill level 5 in Fighting
  8527 | D:8      | Reached skill level 5 in Dodging
  8885 | D:7      | Reached skill level 11 in Conjurations
  8885 | D:7      | Reached XP level 10. HP: 19/66 MP: 8/16
  8902 | D:7      | Learned a level 5 spell: Iskenderun's Battlesphere
  9123 | D:8      | Reached skill level 1 in Charms
  9329 | D:8      | Found a radiant altar of Vehumet.
  9333 | D:8      | Found a stormy altar of Qazlal.
  9934 | D:9      | Reached skill level 5 in Spellcasting
 10052 | D:9      | Learned a level 4 spell: Fulminant Prism
 10195 | D:9      | Found a bloodstained altar of Trog.
 10423 | D:9      | Reached *** piety under Dithmenos
 10849 | D:9      | Found a glowing silver altar of Zin.
 10851 | D:9      | Found an opulent altar of Gozag.
 11230 | D:9      | Reached skill level 5 in Charms
 11397 | Lair:1   | Entered Level 1 of the Lair of Beasts
 12266 | Lair:1   | Noticed a four-headed hydra
 12587 | Lair:2   | Reached skill level 1 in Evocations
 12622 | Lair:2   | Reached XP level 11. HP: 71/71 MP: 15/20
 12626 | Lair:2   | Learned a level 1 spell: Apportation
 12628 | Lair:2   | Learned a level 1 spell: Animate Skeleton
 12676 | Lair:2   | Noticed a griffon
 12687 | Lair:2   | Killed a griffon
 13106 | Lair:2   | Noticed an eight-headed hydra
 13477 | Lair:3   | Slain by a black mamba

Vault maps used:
D:1:      dpeg_arrival_court, minmay_close_crescents
D:3:      overflow_temple_1_default, marbit_many_paths, led_sif_book
D:4:      grunt_dithmenos_smoke_and_mirrors, portal_sewer_entry_e, first_bread,
          nicolae_zen_rock_garden, minivault_25, xom_redecorated, uniq_natasha
D:5:      serial_shops, shop, grunt_ministairs_14
D:6:      trog_butcher_becter, uniq_edmund
D:7:      kiku_gazebo_garden_becter, uniq_pikel, uniq_duvessa
D:8:      grunt_temple_overflow_open, erik_lair_orcish_takeover
D:9:      grunt_temple_overflow_gold_and_silver, basic_altar
Lair:2:   beast_lair_carwin_1
Lair:3:   enter_volcano_1, serial_bayou_shore_b, lemuel_fruit_tree

Action                   |  1- 3 |  4- 6 |  7- 9 | 10-12 || total
-------------------------+-------+-------+-------+-------++-------
Melee: Unarmed           |     5 |       |       |       ||     5
       Short sword       |    13 |     3 |       |       ||    16
       Dagger            |       |     6 |    28 |       ||    34
       Flail             |       |       |    18 |    39 ||    57
 Cast: Magic Dart        |    38 |    61 |    89 |    70 ||   258
       Searing Ray       |     3 |    16 |    53 |    59 ||   131
       Fulminant Prism   |       |       |       |     6 ||     6
       Animate Skeleton  |       |       |       |     4 ||     4
  Use: Scroll            |       |     6 |     4 |     3 ||    13
       Potion            |       |       |     5 |     1 ||     6
 Stab: Sleeping          |     3 |     4 |     1 |     1 ||     9
       Distracted        |     1 |       |     1 |     1 ||     3
  Eat: Chunk             |    16 |    11 |    22 |    17 ||    66
